 Dungeon Crawl Stone Soup version 0.20.1-1-g8b1a95d (webtiles) character file.

1201 equalderp2856 the Chopper (level 8, 0/68 HPs)
             Began as a Minotaur Fighter on Aug 27, 2017.
             Slain by an orc warrior
             ... wielding a +2 mace of protection
              (18 damage)
             ... on level 8 of the Dungeon.
             The game lasted 00:07:56 (6438 turns).

equalderp2856 the Chopper (Minotaur Fighter)        Turns: 6438, Time: 00:07:56

Health: 0/68       AC:  9    Str: 26    XL:     8   Next: 21%
Magic:  7/7        EV: 10    Int:  5    God:
Gold:   301        SH: 11    Dex: 12    Spells: 7/7 levels left

rFire    . . .     SeeInvis .   a - +0 war axe
rCold    . . .     Gourm    .   c - +0 shield
rNeg     . . .     Faith    .   b - +0 scale mail
rPois    .         Spirit   .   (helmet restricted)
rElec    .         Reflect  .   k - +0 cloak (curse)
rCorr    .         Harm     .   (no gloves)
MR       .....                  (no boots)
Stlth    ..........             (no amulet)
Regen    0.3/turn               (no ring)
MPRegen  0.1/turn               (no ring)

@: mighty
A: retaliatory headbutt, horns 2
a: no special abilities


You were on level 8 of the Dungeon.
You were very hungry.

You visited 1 branch of the dungeon, and saw 7 of its levels.

You collected 301 gold pieces.

Inventory:

Hand Weapons
 a - a +0 war axe (weapon)
 z - a +0 blowgun
 G - a +2 antimagic trident
Missiles
 v - 4 steel tomahawks
 x - 60 bolts
 A - 14 poisoned needles
 C - 5 tomahawks (quivered)
 D - 2 tomahawks of returning
 F - 6 needles of confusion
Armour
 b - a +0 scale mail (worn)
 c - a +0 shield (worn)
 k - a cursed +0 cloak (worn)
 n - a scarf of spirit shield
Jewellery
 p - an uncursed amulet of guardian spirit
 r - an uncursed ring of protection from fire {unknown}
 s - an uncursed ring of positive energy {unknown}
 y - an uncursed ring of protection from fire {unknown}
 H - an uncursed ring of poison resistance {unknown}
Wands
 L - a wand of scattershot (0/9)
 O - a wand of random effects (34/48)
Scrolls
 e - 2 scrolls of noise {unknown}
 h - 2 scrolls of fog {unknown}
 i - a scroll of magic mapping {unknown}
 j - 3 scrolls of identify
 t - a scroll of enchant weapon {unknown}
 w - 5 scrolls of teleportation {unknown}
 E - a scroll of fear {unknown}
 P - a scroll of remove curse {unknown}
Potions
 d - a potion of might
 g - 6 potions of curing
 l - a potion of ambrosia {unknown}
 m - 2 potions of cancellation {unknown}
 o - a potion of flight {unknown}
 q - a potion of berserk rage {unknown}
 u - a potion of resistance {unknown}
 B - a potion of magic {unknown}
 K - a potion of brilliance {unknown}
 M - a potion of mutation {unknown}
Comestibles
 f - 5 bread rations
 I - a meat ration
 J - a fruit
 N - 2 royal jellies


   Skills:
 + Level 5.3 Fighting
 + Level 7.3 Axes
 + Level 6.7 Armour
 + Level 3.1 Dodging
 + Level 0.1 Stealth
 + Level 6.3 Shields


You had 7 spell levels left.
You didn't know any spells.

Dungeon Overview and Level Annotations

Branches:
Dungeon (6/15)
 Temple: D:4-7

Altars:
Cheibriados
Gozag
Okawaru
Sif Muna
Trog

Shops:
D:5 }   D:6 %


Innate Abilities, Weirdness & Mutations

You reflexively headbutt those who attack you in melee.
You have a pair of horns on your head.


Message History

The orc warrior is moderately wounded.
The orc warrior hits you with a mace of protection!
You barely miss the orc warrior.
The orc warrior is moderately wounded.
You block the orc warrior's attack.
Unknown command.
You feel very mighty all of a sudden. You block the orc warrior's attack.
You hit the orc warrior.
The orc warrior is heavily wounded.
The orc warrior hits you with a mace of protection!
You slash the orc warrior! Your headbutt misses the orc warrior.
The orc warrior is severely wounded.
You slash the orc!
You kill the orc!
The orc priest mumbles some strange prayers to Beogh against you.
Beogh smites you!
* * * LOW HITPOINT WARNING * * *
The orc warrior hits you with a mace of protection!!
You die...

.#....#: ..
......##..#
####.........#
..........#.#
##.$........#
#.#...........#
#.......##).^#
#...oo@.#
#...#####.# #..
.# #. .# .. ..
## ##


You could see an orc warrior and an orc priest.

Vanquished Creatures
  An ice beast (D:5)
  An ogre (D:5)
  Blork the orc (D:5)
  2 bullfrogs (D:5)
  3 scorpions
  A howler monkey (D:5)
  2 crimson imps (D:5)
  Crazy Yiuf (D:2)
  2 hounds
  An orc priest (D:4)
  3 orc wizards
  Jessica (D:3)
  Natasha (twice) (D:4 D:5)
  A worker ant (D:4)
  2 howler monkey skeletons (D:5)
  7 adders
  7 river rats (D:5)
  A shadow imp (D:5)
  An adder skeleton (D:5)
  3 dart slugs
  3 leopard geckos
  19 orcs
  A ball python (D:3)
  10 bats
  5 goblins
  7 hobgoblins
  11 jackals
  6 kobolds
  10 quokkas
  3 frilled lizards
  A leopard gecko zombie (D:5)
  21 rats
140 creatures vanquished.

Vanquished Creatures (others)
  A fungus (D:2)
1 creature vanquished.

Grand Total: 141 creatures vanquished

Notes
Turn   | Place    | Note
-------+----------+-------------------------------------------
     0 | D:1      | equalderp2856 the Minotaur Fighter began the quest for the Orb.
     0 | D:1      | Reached XP level 1. HP: 19/19 MP: 0/0
   270 | D:1      | Reached XP level 2. HP: 23/27 MP: 1/1
   991 | D:2      | Found a runed door.
  1134 | D:2      | Reached XP level 3. HP: 31/33 MP: 2/2
  1328 | D:2      | Reached skill level 3 in Axes
  2041 | D:2      | Noticed Crazy Yiuf
  2045 | D:2      | Paralysed by Crazy Yiuf for 4 turns
  2049 | D:2      | HP: 1/33 [Crazy Yiuf/quarterstaff of chaos (2)]
  2050 | D:2      | Killed Crazy Yiuf
  2050 | D:2      | Reached XP level 4. HP: 1/40 MP: 0/3
  2626 | D:3      | Noticed Jessica
  2635 | D:3      | Killed Jessica
  2635 | D:3      | Reached skill level 4 in Axes
  2635 | D:3      | Reached skill level 1 in Dodging
  3365 | D:3      | Found a snail-covered altar of Cheibriados.
  3366 | D:3      | Found a bloodstained altar of Trog.
  3366 | D:3      | Found a deep blue altar of Sif Muna.
  3379 | D:3      | Found an opulent altar of Gozag.
  3425 | D:3      | Reached XP level 5. HP: 46/46 MP: 4/4
  3845 | D:4      | Noticed Natasha
  3849 | D:4      | Killed Natasha
  3879 | D:4      | Found an iron altar of Okawaru.
  3885 | D:4      | Reached skill level 5 in Shields
  4068 | D:4      | Reached XP level 6. HP: 48/53 MP: 5/5
  4250 | D:4      | Reached skill level 5 in Axes
  4810 | D:4      | Reached skill level 5 in Armour
  5214 | D:5      | Entered Level 5 of the Dungeon
  5214 | D:5      | Noticed an ice beast
  5226 | D:5      | Killed an ice beast
  5226 | D:5      | Reached XP level 7. HP: 29/60 MP: 6/6
  5323 | D:5      | Reached skill level 6 in Axes
  5367 | D:5      | Found Ymomoaq's Gadget Shop.
  5511 | D:5      | Noticed Blork the orc
  5518 | D:5      | Killed Blork the orc
  5518 | D:5      | Reached skill level 5 in Fighting
  5877 | D:5      | Reached XP level 8. HP: 48/68 MP: 7/7
  6055 | D:5      | Noticed Natasha
  6062 | D:5      | Killed Natasha
  6062 | D:5      | Reached skill level 7 in Axes
  6373 | D:6      | Found Epist's Food Shop.
  6427 | D:6      | You fall through a shaft for 2 floors!
  6438 | D:8      | Slain by an orc warrior

Skill      XL: |  1  2  3  4  5  6  7  8 |
---------------+-------------------------+-----
Shields        | 4 5 6 |  6.3
Axes           | 3 4 5 6 7 |  7.3
Armour         | 4 5 6 |  6.7
Fighting       | 4 5 |  5.3
Dodging        | 1 2 3 |  3.1
Stealth        | |  0.1

Action                   |  1- 3 |  4- 6 |  7- 9 || total
-------------------------+-------+-------+-------++-------
Melee: War axe           |    71 |   142 |   138 ||   351
       Headbutt          |    10 |    25 |    29 ||    64
Evoke: Wand              |       |       |     1 ||     1
  Use: Potion            |     2 |       |     1 ||     3
       Scroll            |       |       |     1 ||     1
  Eat: Chunk             |     3 |     6 |     1 ||    10
       Fruit             |       |     2 |       ||     2
       Meat ration       |       |     1 |       ||     1
Armor: Scale mail        |    31 |    61 |    44 ||   136
Dodge: Dodged            |    20 |    57 |    39 ||   116
Block: Shield            |    31 |    91 |    64 ||   186
